 Dungeon Crawl Stone Soup version 0.29-a0-824-gd827844252 (webtiles) character file.

Game seed: 1855371965151379056

247 buhh the Insei (level 6, -3/41 HPs)
             Began as an Octopode Transmuter on July 10, 2022.
             Slain by Edmund
             ... wielding a +3 vorpal flail
              (12 damage)
             ... on level 4 of the Dungeon.
             The game lasted 00:04:01 (4449 turns).

buhh the Insei (Octopode Transmuter)                Turns: 4449, Time: 00:04:02

Health: -3/41      AC:  1    Str:  9    XL:     6   Next: 11%
Magic:  2/10       EV: 13    Int: 18    God:
Gold:   195        SH:  0    Dex: 12    Spells: 5/11 levels left

rFire   . . .      SeeInvis .     - Unarmed
rCold   . . .      Faith    .   (no shield)
rNeg    . . .      Spirit   .   (helmet currently unavailable)
rPois   .          Reflect  .   (no amulet)
rElec   .          Harm     .   (no ring)
rCorr   .          Rampage  .   (no ring)
Will    .....                   (no ring)
Stlth   ++........              (no ring)
HPRegen 0.13/turn               (no ring)
MPRegen 0.12/turn               (no ring)
                                (no ring)
                                (no ring)

@: appendages, wereblooded, very slightly contaminated
A: tentacle spike 3, almost no armour, amphibious, 8 rings, camouflage 1,
gelatinous body 1, (nimble swimmer 1), tentacles
a: End Transformation


You were on level 4 of the Dungeon.
One of your tentacles had grown a beastly spike.
You visited 1 branch of the dungeon, and saw 4 of its levels.

You collected 195 gold pieces.

Inventory:

Missiles
 k - 10 poisoned darts
Magical Staves
 p - a staff of cold
Wands
 A - a wand of digging (5)
Scrolls
 a - a scroll of magic mapping {unknown}
 b - 3 scrolls of identify {unknown}
 d - a scroll of summoning {unknown}
 i - a scroll of blinking {unknown}
 j - a scroll of fear {unknown}
 o - a scroll of fog {unknown}
Potions
 c - a potion of attraction {unknown}
 f - 2 potions of berserk rage {unknown}
 g - a potion of heal wounds {unknown}
 h - a potion of haste {unknown}
 l - a potion of might {unknown}
 m - a potion of invisibility {unknown}
 q - a potion of mutation {unknown}
 v - 2 potions of curing {!d}


   Skills:
 + Level 2.6 Fighting
 + Level 3.3 Dodging
 + Level 4.0 Unarmed Combat
 + Level 3.0 Spellcasting
 + Level 3.2 Transmutations


You had 5 spell levels left.
You knew the following spells:

 Your Spells              Type           Power      Damage    Failure   Level
a - Beastly Appendage     Tmut           28%        N/A       4%          1
b - Wereblood             Tmut           14%        N/A       7%          2
c - Spider Form           Tmut/Pois      8%         N/A       26%         3

Your spell library contained the following spells:

 Spells                   Type           Power      Damage    Failure   Level
 Sublimation of Blood     Necr           2%         N/A       24%         2
 Frozen Ramparts          Ice            4%         1d2       43%         3
 Ice Form                 Ice/Tmut       8%         N/A       63%         4
 Summon Ice Beast         Ice/Summ       2%         N/A       85%         4
 Summon Hydra             Summ           1%         N/A       100%        7


Dungeon Overview and Level Annotations

Branches:
Dungeon (4/15) Zot: 19563
 Temple: D:4-7

Altars:
Dithmenos
Okawaru

Annotations:
D:4 exclusions: jelly and 1 more exclusion, Edmund


Innate Abilities, Weirdness & Mutations

One of your tentacles has grown a beastly spike.
You cannot wear most types of armour.
You are amphibious.
You can wear up to eight rings at the same time.
Your skin changes colour to match your surroundings (Stealth+).
Your rubbery body absorbs attacks. (AC +1, EV +1)
((You are camouflaged when in or above water. (Stealth+)))
You have tentacles for arms and can constrict up to eight enemies at once.


Message History

No reachable target in view!
No reachable target in view!
No reachable target in view!
No reachable target in view!
No reachable target in view!
No reachable target in view!
No reachable target in view!
No reachable target in view!
No reachable target in view!
No reachable target in view!
Unknown command.
Your tentacle spike disappears.
There is an open door here.
Okay, then.
You miscast Spider Form.
You are very lightly contaminated with residual magic.
Nothing appears to happen.
You miscast Spider Form.
You feel incredibly sick!
You are poisoned.
You feel sick.
You don't have enough magic to cast this spell.
You feel sick.
Casting: Beastly Appendage (safe; 4% risk of failure)
Press: ? - help, Q - select action, (/) - cycle Dir - look around, f - activate One of your tentacles grows a vicious spike.
You feel sick.
You tentacle-slap Edmund. Your grab misses Edmund.
You pierce Edmund, but do no damage.
Your squeeze misses Edmund.
Edmund is lightly wounded.
You feel sick. Edmund hits you with a +3 vorpal flail!
You tentacle-slap Edmund. You grab Edmund.
You pierce Edmund, but do no damage.
Edmund is lightly wounded.
You constrict Edmund.
You feel sick.
You are no longer poisoned.
Edmund hits you with a +3 vorpal flail.
* * * LOW HITPOINT WARNING * * *
x2 You tentacle-slap Edmund.
You pierce Edmund.
Edmund is moderately wounded.
You constrict Edmund. Edmund hits you with a +3 vorpal flail!
You die...

.......).# #.. ... #.#
.........# #.. #.. #+#
.........## #. #...
..........# #. #....
#########.# ..@.. #.#
#####.########
#............#
#.##########@# #.##
#@# ##..### #..$....#
#.....# #.......#
####)#'#.###.......#
#....#.#..##.......#
#....#.#..######....
#....#.#..'....#.....
#...##.##.####.#......


You could see Edmund.

Vanquished Creatures
  A jelly (D:4)
  An iguana (D:4)
  An orc wizard (D:4)
  6 adders
  An ufetubus (D:4)
  3 worms
  A dart slug (D:1)
  8 orcs
  6 bats
  6 endoplasms
  5 giant cockroaches
  11 goblins
  9 hobgoblins
  3 jackals (D:4)
  8 kobolds
  4 quokkas
  6 ball pythons
  7 frilled lizards
  2 rats (D:1)
89 creatures vanquished.

Notes
Turn   | Place    | Note
-------+----------+-------------------------------------------
     0 | D:1      | buhh the Octopode Transmuter began the quest for the Orb.
     0 | D:1      | Reached XP level 1. HP: 13/13 MP: 3/3
   147 | D:1      | Reached XP level 2. HP: 18/18 MP: 3/5
   648 | D:1      | Reached XP level 3. HP: 20/23 MP: 4/6
  1221 | D:2      | Found a faded altar of an unknown god.
  1372 | D:2      | Reached XP level 4. HP: 22/29 MP: 5/7
  1882 | D:3      | Found an iron altar of Okawaru.
  2814 | D:4      | Reached XP level 5. HP: 34/34 MP: 8/8
  2859 | D:4      | Found a shadowy altar of Dithmenos.
  2978 | D:4      | Learned a level 2 spell: Wereblood
  2982 | D:4      | Learned a level 3 spell: Spider Form
  3236 | D:4      | Noticed Edmund
  4048 | D:4      | HP: 1/35 [acid (1)]
  4053 | D:4      | Reached XP level 6. HP: 18/41 MP: 6/10
  4439 | D:4      | Reached skill level 4 in Unarmed Combat
  4449 | D:4      | Slain by Edmund

Illustrated notes

Levels and vault maps discovered:
D:1:      evilmike_arrival_home_sweet_home, layout_rooms
D:2:      layout_loops_ring, ebering_ecumenical_altar_abandoned
D:3:      cheibrodos_helix_gallery, layout_loops_ring, okawaru_trees_1
D:4:      cheibrodos_barr_body, layout_basic,
          mainiacjoe_overflow_surrounded_room, minmay_ruptured, uniq_edmund

Skill      XL: |  1  2  3  4  5  6 |
---------------+-------------------+-----
Fighting       | 2 |  2.6
Dodging        | 3 |  3.3
Transmutations | 3 |  3.2
Spellcasting   | 3 |  3.0
Unarmed Combat | 4 |  4.0

Action                   |  1- 3 |  4- 6 || total
-------------------------+-------+-------++-------
Melee: Unarmed           |    87 |   105 ||   192
       Constrict         |    22 |    26 ||    48
       Tentacles         |    17 |    25 ||    42
       Kick              |    20 |    39 ||    59
       Punch             |     4 |     1 ||     5
 Cast: Beastly Appendage |    26 |    36 ||    62
       Wereblood         |       |     2 ||     2
       Spider Form       |       |     1 ||     1
  Use: Potion            |       |     4 ||     4
 Stab: Sleeping          |     8 |     4 ||    12
Armor: Skin              |     6 |    10 ||    16
Dodge: Dodged            |    50 |    66 ||   116

Table legend: (Time is in decaauts)
 A = Elapsed time spent in this place.
 B = Non-inter-level travel time spent in this place.
 C = Inter-level travel time spent in this place.
 D = Time resting spent in this place.
 E = Time spent auto-exploring this place.
 F = Levels seen in this place.
 G = Mean time per level.
                   A        B        C        D        E       F      G
               +--------+--------+--------+--------+--------+-----+--------+
         Total |   4435 |   4362 |     73 |      0 |   3803 |   4 | 1108.8 |
       Dungeon |   4435 |   4362 |     73 |      0 |   3803 |   4 | 1108.8 |
               +--------+--------+--------+--------+--------+-----+--------+

Top non-repeatable levels by time:
     D:4: 1681 daAuts
     D:1: 1019 daAuts
     D:3: 927 daAuts
     D:2: 807 daAuts
